 Dungeon Crawl Stone Soup version 0.29-a0-271-gd4eb659eea (webtiles) character file.

Game seed: 466909664139693283

14 spaghetti the Digger (level 2, -3/22 HPs)
             Began as a Naga Earth Elementalist on Mar 8, 2022.
             Slain by a quokka (4 damage)
             ... on level 1 of the Dungeon.
             The game lasted 00:01:05 (535 turns).

spaghetti the Digger (Naga Earth Elementalist)       Turns: 535, Time: 00:01:06

Health: -3/22      AC:  1    Str: 10    XL:     2   Next: 45%
Magic:  1/5        EV: 13    Int: 15    God:
Gold:   43         SH:  0    Dex: 11    Spells: 4/5 levels left

rFire   . . .      SeeInvis +   (no weapon)
rCold   . . .      Faith    .   (no shield)
rNeg    . . .      Spirit   .   b - +0 robe
rPois   +          Reflect  .   (no helmet)
rElec   .          Harm     .   (no cloak)
rCorr   .          Rampage  .   (no gloves)
Will    .....                   (no barding)
Stlth   ++........              (no amulet)
HPRegen 0.07/turn               h - +4 ring of evasion
MPRegen 0.09/turn               (no ring)

@: short of breath, attractive, very slow
A: AC +0, large, see invisible, deformed body, poison resistance, slowness 2,
spit poison 1, naga tail 1
a: Spit Poison


You were on level 1 of the Dungeon.
You visited 1 branch of the dungeon, and saw 1 of its levels.

You collected 43 gold pieces.


Innate Abilities, Weirdness & Mutations

Your serpentine skin is tough. (AC +0)
You have supernaturally acute eyesight. (SInv)
Armour fits poorly on your strangely shaped body.
Your system is resistant to poisons. (rPois)
You cover ground very slowly.
You can spit poison.
You have a snake-like lower body.


   Skills:
 - Level 1.5 Dodging
 - Level 3.0 Stealth
 + Level 2.1 Spellcasting
 - Level 1.0 Transmutations
 - Level 3.6 Earth Magic


You had 4 spell levels left.
You knew the following spells:

 Your Spells              Type           Power      Damage    Failure   Level
a - Sandblast             Erth           24%        2d8       4%          1

Your spell library contained the following spells:

 Spells                   Type           Power      Damage    Failure   Level
 Passwall                 Tmut/Erth      6%         N/A       13%         2
 Stone Arrow              Conj/Erth      14%        3d7       30%         3
 Petrify                  Tmut/Erth      8%         N/A       63%         4

Inventory:

Hand Weapons
 g - a +0 short sword {short}
   (You found it on level 1 of the Dungeon)
Missiles
 a - 15 stones {throwing}
Armour
 b - a +0 robe (worn)
Jewellery
 h - a +4 ring of evasion (left hand)
   (You found it on level 1 of the Dungeon)
Scrolls
 d - a scroll of amnesia {unknown}
 e - a scroll of enchant weapon {unknown}
Potions
 c - a potion of magic

Dungeon Overview and Level Annotations

Branches:
Dungeon (1/15)

Altars:

.#..#####....##### .#. .#..###
####.....# ...... ......#
####.###.# .......
.##.#####........# ......#
...†......#......##......#
..........#.............
................#.#.#.#
........).....†.#.....####
....?.........r.@r.†......
.#######...§.§...)..###### .###
#...##......)..# ...#.
.#......#........#
......>............##..# .###.##
##....................... .......
.....##............#.#.####......
#..............###.#.#.# #......
#............## ##.# # #......


You could see 2 quokkas.


Message History

😕 MP[-1]
You lost 1 mp, and now have 0/5 mp.
You don't have enough magic to cast this spell.
Unknown command.
You don't have enough magic to cast this spell.
Unknown command.
You don't have enough magic to cast this spell.
Unknown command.
You don't have enough magic to cast this spell.
Really attack while wielding nothing?
Okay, then.
Really attack while wielding nothing?
Okay, then.
Really attack while wielding nothing?
Okay, then.
Really attack while wielding nothing?
Okay, then.
A quokka is nearby!
A quokka is nearby!
Aiming: Spit Poison (2% risk of failure)
Press: ? - help, Shift-Dir - straight line, f/p - quokka
Aim: a quokka (45% to hit)
The splash of poison misses the quokka.
The quokka barely misses you. The quokka bites you. 😕 HP[-2]
You take 2 damage, and now have 18/22 hp.
Really attack while wielding nothing?
Okay, then.
Really attack while wielding nothing?
You closely miss the quokka. The quokka closely misses you.
The quokka attacks as you move away! The quokka bites you. 😮 HP[-4]
You take 4 damage, and now have 14/22 hp.
You closely miss the quokka. The quokka bites you.
The quokka closely misses you. 😮 HP[-2]
You take 2 damage, and now have 12/22 hp.
You closely miss the quokka. The quokka bites you.
* * * LOW HITPOINT WARNING * * *
😨 HP[-4]
You take 4 damage, and now have 8/22 hp.
You barely miss the quokka.
The quokka twitches its whiskers.
The quokka barely misses you.
You hit the quokka but do no damage.
You have got your breath back.
The quokka closely misses you. 😨 MP[+1]
You hit the quokka. The quokka misses you. 😨 HP[+1]
You closely miss the quokka. The quokka closely misses you.
The quokka bites you.
* * * LOW HITPOINT WARNING * * *
😨 HP[-3]
You take 3 damage, and now have 6/22 hp.
You hit the quokka but do no damage. The quokka bites you.
* * * LOW HITPOINT WARNING * * *
😱 HP[-2]
You take 2 damage, and now have 4/22 hp.
You hit the quokka. The quokka bites you.
* * * LOW HITPOINT WARNING * * *
😱 HP[-1]
You take 1 damage, and now have 3/22 hp.
Aiming: Spit Poison (2% risk of failure)
Press: ? - help, Shift-Dir - straight line, f/p - quokka
Aim: a quokka (heavily wounded, 45% to hit)
The splash of poison misses the quokka.
The quokka barely misses you.
Aiming: Sandblast (safe; 4% risk of failure)
Press: ? - help, Q - select action, (/) - cycle Shift-Dir - straight line, f/p - quokka
Aim: a quokka (heavily wounded, 71% to hit)
The blast of sand hits the quokka but does no damage.
The quokka misses you. 😱 MP[-1]
You lost 1 mp, and now have 0/5 mp.
The quokka attacks as you move away! The quokka bites you.
* * * LOW HITPOINT WARNING * * *
The quokka misses you. 😱 HP[-2]
You take 2 damage, and now have 1/22 hp.
It was a potion of attraction.
You feel attractive to monsters. The quokka barely misses you.
You aren't carrying any items that you can evoke.
Unknown command.
You closely miss the quokka.
You have got your breath back.
The quokka misses you. The quokka is attracted toward you.
You miss the quokka. The quokka misses you. The quokka closely misses you.
The quokka is attracted toward you.
Aiming: Spit Poison (2% risk of failure)
Press: ? - help, Shift-Dir - straight line, f/p - quokka
Aim: a quokka (moderately wounded, 45% to hit)
You fail to use your ability.
The quokka completely misses you.
The quokka is attracted toward you. 😱 MP[+1]
Aiming: Spit Poison (2% risk of failure)
Press: ? - help, Shift-Dir - straight line, f/p - quokka
Aim: a quokka (moderately wounded, 45% to hit)
The splash of poison misses the quokka.
The quokka bites you.
You die...

Action                   || total
-------------------------++-------
Melee: Unarmed           ||    23
 Cast: Sandblast         ||    15
 Abil: Spit Poison       ||     5
  Use: Scroll            ||     1
       Potion            ||     1
Armor: Robe              ||     2
Dodge: Dodged            ||    23

Levels and vault maps discovered:
D:1:      dpeg_arrival_concentric_ovals, layout_basic,
          shapermc_ecumenical_altar_mp_vishouse

Notes
Turn   | Place    | Note
-------+----------+-------------------------------------------
     0 | D:1      | spaghetti the Naga Earth Elementalist began the quest for
                  | the Orb.
     0 | D:1      | Reached XP level 1. HP: 15/15 MP: 3/3
     0 | D:1      | magus.rc [v1.9.6]
   225 | D:1      | Reached XP level 2. HP: 8/22 MP: 3/5
   526 | D:1      | HP: 4/22 [quokka (2)]
   530 | D:1      | HP: 1/22 [quokka (2)]
   535 | D:1      | Slain by a quokka

Vanquished Creatures
  A dart slug (D:1)
  2 endoplasms (D:1)
  A goblin (D:1)
  2 hobgoblins (D:1)
  A kobold (D:1)
  A quokka (D:1)
  A frilled lizard (D:1)
  2 rats (D:1)
11 creatures vanquished.

Table legend:
 A = Non-vault XP
 B = Vault XP
 C = Vault XP percentage of total XP
 D = Non-vault monster count
 E = Vault monster count
 F = Vault count percentage of total count
                 A         B        C        D         E       F
            +---------+---------+-------+---------+---------+-------
      Total |      21 |       0 |   0.0 |      11 |       0 |   0.0
            +---------+---------+-------+---------+---------+-------
        D:1 |      21 |       0 |   0.0 |      11 |       0 |   0.0
            +---------+---------+-------+---------+---------+-------

Illustrated notes

Table legend:
 A = Kills in this place as a percentage of kills in entire the game.
 B = Kills by you in this place as a percentage of kills by you in the entire game.
 C = Kills by friends in this place as a percentage of kills by friends in the entire game.
 D = Other kills in this place as a percentage of other kills in the entire game.
 E = Experience gained in this place as a percentage of experience gained in the entire game.
 F = Experience gained in this place divided by the number of levels of this place that you have seen.
                   A       B       C       D       E      F
               +-------+-------+-------+-------+-------+----------------------
         Total | 100.0 | 100.0 |   N/A |   N/A | 100.0 |  21.0
       Dungeon | 100.0 | 100.0 |   N/A |   N/A | 100.0 |  21.0
               +-------+-------+-------+-------+-------+----------------------

Table legend: (Time is in decaauts)
 A = Elapsed time spent in this place.
 B = Non-inter-level travel time spent in this place.
 C = Inter-level travel time spent in this place.
 D = Time resting spent in this place.
 E = Time spent auto-exploring this place.
 F = Levels seen in this place.
 G = Mean time per level.
                   A        B        C        D        E       F      G
               +--------+--------+--------+--------+--------+-----+--------+
         Total |    602 |    602 |      0 |     27 |    456 |   1 |  602.0 |
       Dungeon |    602 |    602 |      0 |     27 |    456 |   1 |  602.0 |
               +--------+--------+--------+--------+--------+-----+--------+

Top non-repeatable levels by time:
     D:1: 602 daAuts
